[ PARTIDA AOE2 · #480064892 ]
UnrankedBúlgaros vs Spanish
[ ANÁLISIS DE REPETICIÓN · EXTRAÍDO DE LA PARTIDA GRABADA ]
Feudal
—
Castillos
—
Imperial
—
| APM promedio | 35.6 |
| APM pico | 67 |
| eAPM promedio | 10.8 |
| Aldeanos / militares | 5 / 0 |
Foco
⚔️ 4.0% · 🌾 96.0%
Feudal
—
Castillos
—
Imperial
—
| APM promedio | 20.6 |
| APM pico | 47 |
| eAPM promedio | 10.0 |
| Aldeanos / militares | 5 / 0 |
Foco
⚔️ 13.3% · 🌾 86.7%
Feudal
—
Castillos
—
Imperial
—
| APM promedio | 53.6 |
| APM pico | 70 |
| eAPM promedio | 10.3 |
| Aldeanos / militares | 3 / 0 |
Foco
⚔️ 4.8% · 🌾 95.2%
Feudal
—
Castillos
—
Imperial
—
| APM promedio | 30.3 |
| APM pico | 51 |
| eAPM promedio | 10.6 |
| Aldeanos / militares | 5 / 0 |
Foco
⚔️ 22.7% · 🌾 77.3%
Feudal
—
Castillos
—
Imperial
—
| APM promedio | 38.9 |
| APM pico | 55 |
| eAPM promedio | 5.3 |
| Aldeanos / militares | 4 / 0 |
Foco
⚔️ 25.0% · 🌾 75.0%
Feudal
—
Castillos
—
Imperial
—
| APM promedio | 23.3 |
| APM pico | 29 |
| eAPM promedio | 6.7 |
| Aldeanos / militares | 4 / 0 |
Foco
⚔️ 7.7% · 🌾 92.3%
Feudal
—
Castillos
—
Imperial
—
| APM promedio | 51.1 |
| APM pico | 68 |
| eAPM promedio | 10.8 |
| Aldeanos / militares | 5 / 0 |
Foco
⚔️ 5.9% · 🌾 94.1%
Feudal
—
Castillos
—
Imperial
—
| APM promedio | 25.6 |
| APM pico | 35 |
| eAPM promedio | 12.5 |
| Aldeanos / militares | 6 / 0 |
Foco
⚔️ 40.9% · 🌾 59.1%
Mapa de la partida
Recursos iniciales + cada clic de construcción. Líneas = muros · curvas = relieve. ◆ oro · ⬟ piedra · ● bayas · ✦ reliquia · ◌ hueco del cierre
Tu base
Base de Rzagal
Base de 嗚
Base de enzoyin68
Base de BomBomB1
Base de 快樂 543
Base de 燕帖木儿
Base de No puedo entender inglés
Terreno inicial suavizado · ◌ = hueco del cierre detectado · pasá el cursor para detalles
Inputs por minuto
— OM4R7 - - Rzagal
Build order — OM4R7
8 acciones detectadas en el replay
| 0:09 | Construir | Town Center |
| 1:19 | Construir | Dock |
| 1:29 | Construir | House |
| 2:32 | Crear | Villager (Male) |
| 2:33 | Crear | Villager (Male) |
| 2:40 | Crear | Villager (Male) |
| 2:40 | Crear | Villager (Male) |
| 2:40 | Crear | Villager (Male) |
Build order — Rzagal
9 acciones detectadas en el replay
| 0:02 | Construir | Town Center |
| 2:26 | Construir | Dock |
| 2:44 | Construir | Palisade Wall |
| 2:54 | Crear | Villager (Male) |
| 2:54 | Crear | Villager (Male) |
| 2:54 | Crear | Villager (Male) |
| 2:54 | Crear | Villager (Male) |
| 2:55 | Crear | Villager (Male) |
| 2:58 | Construir | House |
Build order — 嗚
6 acciones detectadas en el replay
| 0:22 | Construir | Town Center |
| 2:43 | Crear | Villager (Male) |
| 2:52 | Investigar | Loom |
| 2:52 | Crear | Villager (Male) |
| 3:13 | Construir | Dock |
| 3:23 | Crear | Villager (Male) |
Build order — enzoyin68
8 acciones detectadas en el replay
| 0:18 | Construir | Town Center |
| 0:39 | Construir | Dock |
| 1:35 | Construir | House |
| 2:34 | Crear | Villager (Male) |
| 2:34 | Crear | Villager (Male) |
| 2:34 | Crear | Villager (Male) |
| 2:35 | Crear | Villager (Male) |
| 2:35 | Crear | Villager (Male) |
Build order — BomBomB1
7 acciones detectadas en el replay
| 1:00 | Construir | Town Center |
| 2:13 | Construir | Dock |
| 2:19 | Construir | Dock |
| 3:20 | Crear | Villager (Male) |
| 3:20 | Crear | Villager (Male) |
| 3:20 | Crear | Villager (Male) |
| 3:21 | Crear | Villager (Male) |
Build order — 快樂 543
7 acciones detectadas en el replay
| 0:17 | Construir | Town Center |
| 1:06 | Construir | Dock |
| 1:09 | Construir | House |
| 2:32 | Crear | Villager (Male) |
| 2:32 | Crear | Villager (Male) |
| 2:32 | Crear | Villager (Male) |
| 2:33 | Crear | Villager (Male) |
Build order — 燕帖木儿
9 acciones detectadas en el replay
| 0:06 | Construir | Town Center |
| 1:27 | Construir | Dock |
| 1:46 | Construir | House |
| 2:38 | Crear | Villager (Male) |
| 2:38 | Crear | Villager (Male) |
| 2:39 | Crear | Villager (Male) |
| 2:39 | Crear | Villager (Male) |
| 2:39 | Crear | Villager (Male) |
| 3:27 | Construir | House |
Build order — No puedo entender inglés
17 acciones detectadas en el replay
| 0:18 | Construir | Town Center |
| 0:23 | Construir | Dock |
| 0:35 | Construir | Town Center |
| 2:31 | Construir | Palisade Wall |
| 2:48 | Crear | Villager (Male) |
| 2:48 | Crear | Villager (Male) |
| 2:51 | Construir | Palisade Wall |
| 2:54 | Construir | Palisade Wall |
| 2:56 | Construir | Palisade Wall |
| 2:59 | Construir | Palisade Wall |
| 3:00 | Construir | Palisade Wall |
| 3:01 | Crear | Villager (Male) |
| 3:01 | Crear | Villager (Male) |
| 3:21 | Crear | Villager (Male) |
| 3:21 | Crear | Villager (Male) |
| 3:26 | Construir | Palisade Wall |
| 3:28 | Construir | Palisade Wall |
Cronología de la partida
| 0:23 | No puedo entender inglés · first_building Dock |
| 0:39 | enzoyin68 · first_building Dock |
| 1:06 | 快樂 543 · first_building Dock |
| 1:19 | OM4R7 · first_building Dock |
| 1:27 | 燕帖木儿 · first_building Dock |
| 2:13 | BomBomB1 · first_building Dock |
| 2:26 | Rzagal · first_building Dock |
| 2:31 | No puedo entender inglés · wall_segment Palisade Wall x1 |
| 2:44 | Rzagal · wall_segment Palisade Wall x1 |
| 2:51 | No puedo entender inglés · wall_segment Palisade Wall x1 |
| 2:54 | No puedo entender inglés · wall_segment Palisade Wall x1 |
| 2:56 | No puedo entender inglés · wall_segment Palisade Wall x1 |
| 2:59 | No puedo entender inglés · wall_segment Palisade Wall x1 |
| 3:00 | No puedo entender inglés · wall_segment Palisade Wall x1 |
| 3:09 | Rzagal · resign |
| 3:13 | 嗚 · first_building Dock |
| 3:26 | No puedo entender inglés · wall_segment Palisade Wall x1 |
| 3:28 | No puedo entender inglés · wall_segment Palisade Wall x1 |
[ ANÁLISIS IA · 1 CRÉDITO ]
¿Qué pasó realmente en esta partida?
Wolo.gg analiza cada decisión: build order, eco, micro, errores típicos por bracket. Análisis personalizado por WhatsApp o Discord en 30 segundos.
Guía civ
Búlgaros
Perfil
Jugador #2985170